 Dungeon Crawl Stone Soup version 0.17-a0-1166-g7747787 (webtiles) character file.

265 GopherTuna the Shield-Bearer (level 5, -4/47 HPs)
             Began as a Minotaur Fighter on May 29, 2015.
             Slain by Grinder (5 damage)
             ... while paralysed by Grinder
             ... on level 4 of the Dungeon.
             The game lasted 00:19:05 (1154 turns).

GopherTuna the Shield-Bearer (Minotaur Fighter)     Turns: 1154, Time: 00:19:05

Health: -4/47      AC:  7    Str: 20    XL:     5   Next: 99%
Magic:  4/4        EV:  2    Int:  5    God:
Gold:   93         SH:  0    Dex: 11    Spells: 0 memorised, 4 levels left

rFire  . . .     SeeInvis .     u - +0 trident
rCold  . . .     Clarity  .     b - +0 scale mail
rNeg   . . .     SustAt   .     c - +0 shield
rPois  .         Gourm    .     (helmet restricted)
rElec  .         Spirit   .     (no cloak)
rCorr  .         Warding  .     (no gloves)
rMut   .         Stasis   .     (no boots)
MR     .....                    l - amulet of faith
Stlth  ..........               (no ring)
                                (no ring)

@: paralysed, not resistant to hostile enchantments, extremely unstealthy
A: retaliatory headbutt, horns 2
a: no special abilities


You were on level 4 of the Dungeon.
You were hungry.

You visited 1 branch of the dungeon, and saw 4 of its levels.

You collected 93 gold pieces.

Inventory:

Hand weapons
 a - a +0 rapier
 o - a +0 scythe
 p - a +0 hand axe
 u - a +0 trident (weapon)
Missiles
 f - 3 poisoned javelins
 i - 17 arrows of flame (quivered)
 t - 5 poisoned needles
Armour
 b - a +0 scale mail (worn)
 c - a +0 shield (worn)
 m - a cursed +0 buckler
Jewellery
 l - an amulet of faith (around neck)
Scrolls
 g - a scroll of fog
 h - 3 scrolls of remove curse {unknown}
 n - a scroll of random uselessness {unknown}
 s - 2 scrolls of teleportation {unknown}
Potions
 d - a potion of might
 j - a potion of brilliance {unknown}
 k - a potion of heal wounds {unknown}
 q - a potion of ambrosia {unknown}
Comestibles
 e - 2 bread rations
 r - a meat ration


   Skills:
 + Level 4.7 Fighting
 + Level 2.9 Short Blades
 + Level 5.0 Armour
 + Level 1.6 Dodging
 + Level 5.8 Shields


You had 4 spell levels left.
You didn't know any spells.

Dungeon Overview and Level Annotations

Branches:
Dungeon (4/15)
 Temple: D:4-7

Altars:
Cheibriados
Ru
Sif Muna
The Shining One

Annotations:
D:4 Grinder


Innate Abilities, Weirdness & Mutations

You reflexively headbutt those who attack you in melee.
You have a pair of horns on your head.


Message History

Grinder hits you!
* * * LOW HITPOINT WARNING * * *
You writhe in agony.
* * * LOW HITPOINT WARNING * * *
You hit Grinder. Your headbutt misses Grinder.
Grinder is heavily wounded.
Grinder barely misses you.
You closely miss Grinder.
Grinder is heavily wounded.
Grinder hits you.
* * * LOW HITPOINT WARNING * * *
Grinder hits you but does no damage.
You closely miss Grinder. Your headbutt misses Grinder.
Grinder is heavily wounded.
Grinder gestures at you.
You suddenly lose the ability to move!
Grinder hits you.
* * * LOW HITPOINT WARNING * * *
You writhe in agony.
You die...

.# ##.## #...#
###...### #.......#
#.......# #)......#
#?#...### #.#.5@#
#.##### .. #†# .# #.#
.# .######.####### .#
#.............. .#
.######.#..#### .# #
####.....########.#.#
#.............<<(..$#


You could see Grinder.

Vanquished Creatures
  Sigmund (D:2)
  An orc wizard (D:2)
  Natasha (D:3)
  3 adders (D:3)
  An orc (D:3)
  3 goblins
  3 hobgoblins
  3 jackals (D:2)
  5 kobolds
  5 bats
  4 giant newts
  2 rats
32 creatures vanquished.

Notes
Turn   | Place    | Note
--------------------------------------------------------------
     0 | D:1      | GopherTuna the Minotaur Fighter began the quest for the Orb.
     0 | D:1      | Reached XP level 1. HP: 19/19 MP: 0/0
   201 | D:3      | Found a snail-covered altar of Cheibriados.
   207 | D:3      | Reached skill level 4 in Shields
   207 | D:3      | Reached XP level 2. HP: 27/27 MP: 1/1
   354 | D:3      | Found a glowing golden altar of the Shining One.
   515 | D:2      | Found a deep blue altar of Sif Muna.
   567 | D:2      | Reached XP level 3. HP: 26/33 MP: 2/2
   579 | D:2      | Found a sacrificial altar of Ru.
   579 | D:2      | Noticed an orc wizard
   594 | D:2      | Killed an orc wizard
   641 | D:2      | Noticed Sigmund
   650 | D:2      | Killed Sigmund
   650 | D:2      | Reached skill level 1 in Dodging
   650 | D:2      | Reached skill level 5 in Shields
   650 | D:2      | Reached XP level 4. HP: 24/41 MP: 3/3
   650 | D:2      | Reached XP level 5. HP: 27/47 MP: 4/4
   684 | D:2      | Reached skill level 5 in Armour
   922 | D:3      | Noticed Natasha
   937 | D:3      | Killed Natasha
  1119 | D:4      | Noticed Grinder
  1144 | D:4      | Paralysed by Grinder for 2 turns
  1153 | D:4      | Paralysed by Grinder for 3 turns
  1154 | D:4      | HP: 1/47 [Grinder (6)]
  1154 | D:4      | Slain by Grinder

Vault maps used:
D:1:      shiori_arrival_maze
D:2:      nicolae_ru_great_annihilating_truth, lemuel_doored_altar,
          lemuel_round_altar, first_bread, uniq_crazy_yiuf_cottage, uniq_sigmund
D:3:      overflow_temple_1_default, cheibriados_altar_1, serial_bayou,
          serial_bayou_shore_b, serial_bayou_pond_a, serial_bayou_shore_b,
          serial_bayou_shore_a, uniq_iyjb, uniq_natasha
D:4:      enter_ossuary_1, grunt_decor_one_mirror, item_on_display_a,
          uniq_grinder

Action                   |  1- 3 |  4- 6 || total
-------------------------+-------+-------++-------
Melee: Rapier            |    67 |       ||    67
       Hand axe          |       |    19 ||    19
       Trident           |       |    18 ||    18
  Use: Scroll            |       |     2 ||     2
